 Dungeon Crawl Stone Soup version 0.32-a0-918-g0f22ef8d61 (webtiles) character file.

Game seed: 15632921981289682266

13 edgefigaro the Chiller (level 2, 15/15 HPs)
             Began as a Vine Stalker Wanderer on Dec 16, 2021.
             Quit the game on level 1 of the Dungeon on Apr 11, 2024.
             The game lasted 00:03:21 (435 turns).

edgefigaro the Chiller (Vine Stalker Wanderer)       Turns: 435, Time: 00:03:22

Health: 15/15      AC:  5    Str: 11    XL:     2   Next: 37%
Magic:  4/4        EV:  8    Int: 12    God:
Gold:   28         SH:  0    Dex: 16    Spells: 2/3 levels left

rFire   . . .        a - +2 dagger
rCold   . . .        (no shield)
rNeg    . . .        c - +0 ring mail
rPois   .            (no helmet)
rElec   .            (no cloak)
rCorr   .            (no gloves)
SInv    .            (no boots)
Will    .....        (no amulet)
Stlth   ++           (no ring)
HPRegen 0.22/turn    (no ring)
MPRegen 0.09/turn

%: guardian spirit
@: no status effects
A: fangs 2, magic shield, antimagic bite, no potion heal 2
a: no special abilities


You were on level 1 of the Dungeon.
You visited 1 branch of the dungeon, and saw 1 of its levels.

You collected 28 gold pieces.

Inventory:

Hand Weapons
 a - a +2 dagger (weapon)
Armour
 c - a +0 ring mail (worn)
Scrolls
 b - a scroll of blinking
 d - a scroll of holy word


   Skills:
 - Level 1.7 Fighting
 - Level 1.0 Armour
 + Level 3.1 Stealth
 - Level 1.1 Spellcasting
 - Level 4.2 Ice Magic


You had 2 spell levels left.
You knew the following spells:

 Your Spells              Type           Power      Damage    Failure   Level
a - Freeze                Ice            40%        1d6       12%         1

Your spell library contained the following spells:

 Spells                   Type           Power      Damage    Failure   Level
 Ozocubu's Armour         Ice            10%        N/A       36%         3


Dungeon Overview and Level Annotations

Branches:
Dungeon (1/15)

Altars:


Innate Abilities, Weirdness & Mutations

You have extremely sharp teeth.
When hurt, damage is shared between your health and your magic reserves.
Your bite disrupts and absorbs the magic of your enemies.
Potions cannot restore your health.


Message History

The endoplasm closely misses you.
You hit the endoplasm.
You bite the endoplasm, but do no damage.
The endoplasm is almost dead.
The endoplasm closely misses you.
You hit the endoplasm but do no damage.
You bite the endoplasm, but do no damage.
The endoplasm is almost dead.
The endoplasm freezes you.
You are frozen.
You hit the endoplasm.
You kill the endoplasm!
You start resting.
Magic restored.
Okay, then.
You start resting.
HP restored.
You open the door.
There is an open door here.
You now have 28 gold pieces (gained 7).
There is an open door here.
You open the door.
A rat comes into view.
There is an open door here.
Casting: Freeze (safe; 12% risk of failure)
Confirm with . or Enter, or press ? or * to list all spells.
Aiming: Freeze (safe; 12% risk of failure)
Press: ? - help, Shift-Dir - straight line, f - rat
Aim: a rat (asleep)
You freeze the rat.
You kill the rat!
Welcome back, edgefigaro the Vine Stalker Wanderer.
Press ? for a list of commands and other information.
Found a helmet.
Found a club.
Magic restored.
Unknown command.
Unknown command.
Unknown command.
Unknown command.
Are you sure you want to abandon this character and quit the game? (Confirm with "yes".)

## .# .# ######
.#
#....############
.#
#.........@.....#
.#
#..#####........#
.######..'.#
+........#
.........###
#....[...#
##.####..'†#
+........# #.#
#..### #.###.####
#.# #..+ +.# .#
#.# #..# #.. ).
##.# #..+


There were no monsters in sight!

Vanquished Creatures
  A bat (D:1)
  2 endoplasms (D:1)
  4 jackals (D:1)
  3 ball pythons (D:1)
  A rat (D:1)
11 creatures vanquished.

Notes
Turn   | Place    | Note
-------+----------+-------------------------------------------
     0 | D:1      | edgefigaro the Vine Stalker Wanderer began the quest for
                  | the Orb.
     0 | D:1      | edgefigaro set off with the following items: a +2 dagger, a
                  | scroll of blinking, a +0 ring mail; and the following spell
                  | memorised: Freeze; and the following spells available to
                  | memorise: Ozocubu's Armour
     0 | D:1      | Reached XP level 1. HP: 11/11 MP: 3/3
   122 | D:1      | Reached XP level 2. HP: 15/15 MP: 2/4
   425 | D:1      | Upgraded the game from 0.28-a0-1182-g381e24db82 to
                  | 0.32-a0-918-g0f22ef8d61
   435 | D:1      | Quit the game

Illustrated notes

Levels and vault maps discovered:
D:1:      zaba_arrival_water, layout_basic, ebering_ecumenical_altar_abandoned,
          minmay_rat_gold_closets

Skill      XL: |  1  2 |
---------------+-------+-----
Stealth        | 3 |  3.1
Fighting       | |  1.7
Armour         | |  1.0
Spellcasting   | |  1.1
Ice Magic      | |  4.2

Action                     || total
---------------------------++-------
  Melee: Dagger            ||    21
         Bite              ||     7
   Cast: Freeze            ||     6
 Armour: Ring mail         ||    13
  Dodge: Dodged            ||    15

Table legend: (Time is in decaauts)
 A = Elapsed time spent in this place.
 B = Non-inter-level travel time spent in this place.
 C = Inter-level travel time spent in this place.
 D = Time resting spent in this place.
 E = Time spent auto-exploring this place.
 F = Levels seen in this place.
 G = Mean time per level.
                   A        B        C        D        E       F      G
               +--------+--------+--------+--------+--------+-----+--------+
         Total |    441 |    431 |     10 |    135 |    190 |   1 |  441.0 |
       Dungeon |    441 |    431 |     10 |    135 |    190 |   1 |  441.0 |
               +--------+--------+--------+--------+--------+-----+--------+

Top non-repeatable levels by time:
     D:1: 441 daAuts
